Description

PiG: "In this B2GM episode, we are playing against Diamond 2 players and building upon our Diamond experience while introducing Hydras against Protos"

VOD

https://www.youtube.com/watch?v=XlCGB3D8uqA

Replay - Pig b2gm D2 2-base roach apr2023

Build Order

Get SALT Encoding   

  12  0:01  Drone  
  13  0:12  Overlord  
  13  0:17  Drone  
  14  0:30  Drone x2  
  16  0:39  Drone  
  17  0:53  Hatchery  
  17  0:56  Drone x2  
  18  1:12  Spawning Pool  
  18  1:15  Drone  
  18  1:23  Drone  
  19  1:38  Overlord  
  19  1:42  Drone  
  21  2:04  Queen x2  
  21  2:08  Zergling x4  
  29  2:26  Overlord  
  31  2:40  Queen  
  35  2:49  Extractor x2  
  34  2:54  Spine Crawler  
  41  3:21  Overlord  
  41  3:34  Roach Warren, Evolution Chamber x2  
  38  3:46  Evolution Chamber  
  38  3:47  Overlord  
  46  3:57  Spine Crawler  
  45  4:13  Queen x2  
  50  4:17  Evolution Chamber  
  50  4:23  Roach x4  
  57  4:28  Roach x2  
  61  4:32  Roach Warren  
  58  4:52  Lair  
  58  4:53  Extractor  
  60  5:08  Zerg Missile Weapons Level 1  
  60  5:27  Roach x4  
  82  5:52  Glial Reconstitution  
  82  6:00  Hatchery  
  91  6:13  Overseer  
  83  8:34  Spore Crawler  
  83  9:29  Spore Crawler x3  
  83  9:38  Queen x3  
Spawning Tool Build Advisor. Get it on Overwolf

Go to:

Details

  • Created by: lkojr89
  • Published on: Jun 21, 2024
  • Modified on: Jun 21, 2024
  • Patch: 5.0.11
  • Difficulty: Hard
Show
View Real Time Build Order
Export as new Build Order

Comments (0)

There are no comments. Be the first!

Create an account to comment!